 Dungeon Crawl Stone Soup version 0.15.2 (webtiles) character file.

96 4tharraofdagon the Chopper (level 4, -5/40 HPs)
             Began as a Draconian Berserker on Jan 17, 2015.
             Was a Believer of Trog.
             Slain by Menkaure (19 damage)
             ... on Level 4 of the Dungeon.
             The game lasted 00:02:49 (578 turns).

4tharraofdagon the Chopper (Draconian Berserker)     Turns: 578, Time: 00:02:49

HP  -5/40        AC  5     Str 20      XL: 4   Next: 41%
MP   4/4         EV 12     Int  8      God: Trog [**....]
Gold 11          SH  0     Dex 10      Spells:  0 memorised,  3 levels left

rFire  . . .     SeeInvis +     a - +0 hand axe
rCold  . . .     Clarity  .     (armour unavailable)
rNeg   . . .     rCorr    .     (no shield)
rPois  .         rRot     .     (helmet restricted)
rElec  .         Spirit   .     (no cloak)
SustAb .         Warding  .     (no gloves)
rMut   .         Stasis   .     (no boots)
Gourm  +                        b - amulet of the gourmand
MR     ++...                    (no ring)
                                q - ring of see invisible

@: very slightly contaminated, regenerating, hasted, very quick, very resistant
to hostile enchantments, very unstealthy
A: unfitting armour, claws 1, cold-blooded, AC +5
a: Burn Spellbooks, Berserk, Trog's Hand, Renounce Religion


You were on level 4 of the Dungeon.
You worshipped Trog.
Trog was pleased with you.
You were not hungry.

You visited 1 branch of the dungeon, and saw 4 of its levels.

You collected 11 gold pieces.

Inventory:

Hand weapons
 a - a +0 hand axe (weapon)
Magical devices
 s - a wand of cold (2)
Comestibles
 c - a bread ration
 d - 3 fruits
 g - a beef jerky
 r - a chunk of orc flesh
Scrolls
 e - 2 scrolls of blinking {unknown}
 f - a scroll of identify {unknown}
 k - a scroll of teleportation {unknown}
 m - a scroll of enchant weapon {unknown}
 o - 3 scrolls of recharging {unknown}
 p - a scroll of fog {unknown}
 t - a scroll of enchant armour {unknown}
Jewellery
 b - an amulet of the gourmand (around neck)
 q - a ring of see invisible (left claw)
Potions
 h - a potion of brilliance {unknown}
 i - a potion of agility {unknown}
 j - a potion of haste
 l - a potion of curing
 n - a potion of cancellation


   Skills:
 + Level 4.0 Fighting
 * Level 4.3 Axes
 + Level 3.2 Dodging
 + Level 0.0 Evocations


You had 3 spell levels left.
You didn't know any spells.

Dungeon Overview and Level Annotations

Branches:
Dungeon (4/15)
 Temple: D:4-7

Altars:

Annotations:
D:4 Menkaure


Innate Abilities, Weirdness & Mutations

Your plain brown scales are hard (AC +5).
Your body does not fit into most forms of armour.
Your cold-blooded metabolism reacts poorly to cold.
You have sharp fingernails.


Message History

Unknown command.
You hit Menkaure.
Menkaure is lightly damaged.
You feel the effects of Trog's Hand fading.
Menkaure hits you.
* * * LOW HITPOINT WARNING * * *
The giant cockroach bites you but does no damage.
Menkaure barely misses you.
The giant cockroach bites you but does no damage.
Drink which item? (? for menu, Esc to quit)
You feel yourself speed up.
It was a potion of haste.
Menkaure gestures at you while chanting.
You resist with almost no effort. The giant cockroach misses you.
You are very lightly contaminated with residual magic.
Unknown command.
Drink which item? (? for menu, Esc to quit)
You feel better.
It was a potion of curing.
You feel less exhausted. Menkaure hits you!!
You die...

### ..# #.#
...########.#
........@##.##########
.###..#M#s#..........#
#.............###.#
#..#......).......#
...#...#.#####.###.#
..###.#...####.###.####
. #...#...)))).......
..#...####.........
#####.###...........


You could see Menkaure and a giant cockroach.

Vanquished Creatures
  7 adders
  3 giant geckos
  An ooze (D:3)
  7 orcs
  2 bats
  A giant cockroach (D:4)
  3 hobgoblins
  4 giant newts (D:3)
  2 kobolds
30 creatures vanquished.

Notes
Turn   | Place    | Note
--------------------------------------------------------------
     0 | D:1      | 4tharraofdagon, the Draconian Berserker, began the quest for the Orb.
     0 | D:1      | Reached XP level 1. HP: 19/19 MP: 1/1
   120 | D:3      | Reached XP level 2. HP: 26/26 MP: 2/2
   157 | D:3      | Reached XP level 3. HP: 14/33 MP: 3/3
   165 | D:3      | Gained mutation: You have sharp fingernails. [potion of beneficial mutation]
   251 | D:3      | Reached skill level 4 in Axes
   282 | D:3      | Acquired Trog's second power
   377 | D:2      | Reached XP level 4. HP: 21/40 MP: 4/4
   510 | D:4      | Noticed a slave
   567 | D:4      | Noticed Menkaure
   576 | D:4      | HP: 2/40 [Menkaure (6)]
   578 | D:4      | Slain by Menkaure

Action                   |  1- 3 |  4- 6 || total
-------------------------+-------+-------++-------
Melee: Hand axe          |    55 |    26 ||    81
Invok: Berserk           |     3 |     1 ||     4
       Trog's Hand       |       |     1 ||     1
Evoke: Wand              |       |     1 ||     1
  Use: Potion            |     2 |     2 ||     4
  Eat: Chunk             |     1 |     2 ||     3
